 Dungeon Crawl Stone Soup version 0.30-a0-585-g93115170b9 (webtiles) character file.

Game seed: 2044539556710508604

7625 Dartaoz the Spear-Bearer (level 10, -1/83 HPs)
             Began as a Minotaur Fighter on Jan 2, 2023.
             Was a Believer of Hepliaklqana.
             Slain by a small abomination (15 damage)
             ... on level 1 of the Abyss.
             The game lasted 02:25:12 (10068 turns).

Dartaoz the Spear-Bearer (Minotaur Fighter)        Turns: 10068, Time: 02:25:12

Health: -1/83      AC: 16    Str: 25    XL:     10   Next: 98%
Magic:  9/9        EV:  8    Int:  5    God:    Hepliaklqana [**....]
Gold:   524        SH:  0    Dex: 10    Spells: 9/9 levels left

rFire   + . .      SeeInvis .    a - +1 trident (flame)
rCold   . . .      Faith    .    c - +0 buckler
rNeg    . . .      Spirit   .    I - +1 chain mail {rF+}
rPois   .          Reflect  .    (helmet restricted)
rElec   .          Harm     .    L - +0 cloak
rCorr   .          Rampage  .    (no gloves)
Will    .....                    i - +1 pair of boots Stlth
                                 (no amulet)
HPRegen 0.33/turn                (no ring)
MPRegen 0.11/turn                (no ring)

@: confused
A: reduced essence, horns 2, retaliatory headbutt
a: Renounce Religion, Recall Ancestor, Ancestor Identity


You were on level 1 of the Abyss.
You worshipped Hepliaklqana.
Hepliaklqana was pleased with you.
You visited 2 branches of the dungeon, and saw 10 of its levels.
You visited the Abyss 1 time.

You collected 524 gold pieces.

Inventory:

Hand Weapons
 a - a +1 trident of flaming (weapon)
 e - a +0 spear
 f - a +1 heavy spear
 p - a +0 halberd
 x - a +0 antimagic shortbow
 G - the +7 flail of the Last Bones {venom, Str+2}
   (You found it on level 6 of the Dungeon)

   It poisons the flesh of those it strikes.
   Str:       It affects your strength (+2).
 O - a +1 heavy hand axe
Missiles
 n - 3 curare-tipped darts (quivered)
 o - 3 boomerangs
 q - 4 throwing nets
 A - 15 poisoned darts
Armour
 b - a +0 scale mail
 c - a +0 buckler (worn)
 d - +0 steam dragon scales
 i - a +1 pair of boots (worn)
 j - a +0 chain mail
 u - a +0 ring mail
 w - a +0 leather armour
 I - a +1 chain mail of fire resistance (worn)
 L - a +0 cloak (worn)
Magical Staves
 t - a staff of poison
 v - a staff of fire
Jewellery
 s - an amulet of magic regeneration
 B - a +4 ring of protection
Wands
 y - a wand of roots (15)
 J - a wand of acid (10)
Scrolls
 g - a scroll of magic mapping
 h - 7 scrolls of teleportation
 k - 4 scrolls of fear
 m - 3 scrolls of immolation
 F - 3 scrolls of amnesia
Potions
 l - a potion of curing
 z - a potion of attraction
 C - a potion of haste
 D - a potion of resistance
 E - 3 potions of flight
 H - a potion of mutation {unknown}
 K - a potion of berserk rage {unknown}
 M - a potion of lignification {unknown}
 N - a potion of might


   Skills:
 + Level 9.8 Fighting
 * Level 13.0 Polearms
 + Level 9.8 Armour
 + Level 9.8 Shields


You had 9 spell levels left.
You didn't know any spells.
Your spell library contained the following spells:

 Spells                   Type           Power      Damage    Failure   Level
 Freeze                   Ice            0%         1d3       97%         1
 Blink                    Tloc           0%         N/A       99%         2
 Ensorcelled Hibernation  Hex/Ice        0%         N/A       99%         2
 Momentum Strike          Conj/Tloc      0%         3d8       99%         2
 Passwall                 Tmut/Erth      0%         N/A       99%         2
 Frozen Ramparts          Ice            0%         1d1       100%        3
 Hailstorm                Conj/Ice       0%         3d3       100%        3
 Lesser Beckoning         Tloc           0%         N/A       100%        3
 Swiftness                Air            0%         N/A       100%        3
 Summon Forest            Summ/Tloc      0%         N/A       100%        5
 Eringya's Noxious Bog    Tmut/Pois      0%         N/A       100%        6
 Summon Hydra             Summ           0%         N/A       100%        7


Dungeon Overview and Level Annotations

Branches:
Dungeon (9/15)             Temple (1/1) D:5             Orc (0/2) D:9
   Lair: D:8-11

Altars:
Ashenzari
Cheibriados
Dithmenos
Elyvilon
Fedhas
Gozag
Hepliaklqana
Kikubaaqudgha
Makhleb
Nemelex Xobeh
Okawaru
Qazlal
Ru
Sif Muna
Trog
Uskayaw
Vehumet
Wu Jian
Xom
Yredelemnul
Zin
The Shining One

Shops:
D:2 *   D:5 [

Annotations:
D:8 Psyche


Innate Abilities, Weirdness & Mutations

Your life essence is reduced to manifest your ancestor. (-10% HP)
You have a pair of horns on your head.
You reflexively headbutt those who attack you in melee.


Message History

The raiju shocks Akiya.
The raiju bursts into living lightning!
The living lightning hits the raiju.
The raiju completely resists.
The living lightning hits the raiju.
The raiju completely resists.
The living lightning hits you.
* * * LOW HITPOINT WARNING * * *
The raiju blinks! x3; Akiya barely misses the raiju.
You are too confused!
You feel much better.
Press: ? - help, v - describe, . - travel
Here: Akiya the hexer, wielding a +0 dagger of draining (heavily damaged, friendly)
The floor.
Akiya hits the raiju with a +0 dagger of draining!
Akiya drains the raiju.
Something bites Akiya.
Something shocks Akiya!
Akiya misses the raiju.
The small abomination completely misses you.
The raiju bursts into living lightning!
The living lightning misses Akiya.
The raiju blinks!
Akiya closely misses the raiju.
The raiju bites you. The raiju shocks you.
The small abomination hits you but does no damage.
Akiya misses the raiju.
You hit the small abomination. You burn the small abomination.
The small abomination is moderately damaged.
The raiju bites you but does no damage.
The raiju bites Akiya!
The raiju shocks Akiya!
Akiya is destroyed!
The small abomination hits you but does no damage.
The small abomination attacks as you move away!
The small abomination hits you but does no damage.
The raiju closely misses you.
You hit the small abomination. You burn the small abomination.
Your headbutt misses the small abomination.
The small abomination is severely damaged.
The small abomination hits you!
* * * LOW HITPOINT WARNING * * *
The raiju bites you but does no damage.
You puncture the raiju! You burn the raiju. Your headbutt misses the raiju.
The raiju is severely wounded.
The small abomination hits you!
You die...

. ## .#...
## ... . .
#.. #..
..###.#.. .
. # ..
###...(#(.##
# ##.. ##
.... #####.
. .####.
..####.#.. #
####.....#..
#.#. #
#....#.#
##..#.#
#@x.#
##h......#
#..##..#...
####. #..# .
. .. .# #..
... .# ###
##.. . ..#


You could see a raiju (drained) and a small abomination.

Vanquished Creatures
  Erica (D:8)
  A thrashing horror (Abyss:1)
  Maurice (D:8)
  Joseph (D:8)
  An unseen horror (D:8)
  A shadow (D:9)
  4 yaks (D:9)
  2 wyverns
  Eustachio (D:4)
  A steam dragon (D:8)
  A water moccasin (D:7)
  2 ice beasts
  2 orc warriors
  A sky beast (D:7)
  3 centaurs
  A kobold brigand (D:9)
  A phantom (D:5)
  4 bullfrogs
  4 scorpions
  11 wights
  8 killer bees
  2 howler monkeys
  2 jellies
  3 hounds
  2 orc priests
  3 iguanas
  Ijyb (D:3)
  6 orc wizards
  17 gnolls
  7 adders
  A shadow imp (D:7)
  2 white imps
  3 ufetubi
  A dart slug (D:4)
  19 orcs
  8 ball pythons
  4 bats
  7 endoplasms
  A giant cockroach (D:2)
  5 goblins
  A hobgoblin (D:3)
  5 jackals
  9 kobolds
  2 quokkas
  2 frilled lizards
  7 rats
172 creatures vanquished.

Vanquished Creatures (collateral kills)
  A raiju (Abyss:1)
  2 yaks (D:9)
  A golden eye (Abyss:1)
  A centaur (D:9)
  2 bullfrogs
  A gnoll sergeant (D:8)
  2 wights (D:9)
  A howler monkey (D:7)
  3 orcs
  2 kobolds (D:9)
16 creatures vanquished.

Vanquished Creatures (others)
  3 hexers
  3 ancestors
  A plant (D:1)
7 creatures vanquished.

Grand Total: 195 creatures vanquished

Notes
Turn   | Place    | Note
-------+----------+-------------------------------------------
     0 | D:1      | Dartaoz the Minotaur Fighter began the quest for the Orb.
     0 | D:1      | Reached XP level 1. HP: 19/19 MP: 0/0
   177 | D:1      | Reached XP level 2. HP: 27/27 MP: 1/1
   199 | D:1      | Reached skill level 3 in Polearms
   285 | D:1      | Found a faded altar of an unknown god.
   708 | D:1      | Reached XP level 3. HP: 31/33 MP: 2/2
  1248 | D:2      | Reached XP level 4. HP: 35/40 MP: 3/3
  1321 | D:2      | Found Wayluic's Assorted Antiques.
  1729 | D:2      | Reached skill level 4 in Polearms
  2234 | D:3      | Reached XP level 5. HP: 47/47 MP: 4/4
  2416 | D:2      | Reached skill level 5 in Polearms
  2810 | D:3      | Noticed Ijyb
  2824 | D:3      | Killed Ijyb
  2825 | D:3      | Reached XP level 6. HP: 55/55 MP: 5/5
  3355 | D:4      | Reached skill level 5 in Fighting
  3452 | D:4      | Reached skill level 5 in Armour
  3452 | D:4      | Reached skill level 5 in Shields
  3497 | D:4      | Noticed Eustachio
  3913 | D:4      | Killed Eustachio
  3914 | D:4      | Reached skill level 6 in Polearms
  3914 | D:4      | Reached XP level 7. HP: 50/61 MP: 6/6
  3997 | D:5      | Entered Level 5 of the Dungeon
  4078 | D:5      | Found a staircase to the Ecumenical Temple.
  4083 | Temple   | Entered the Ecumenical Temple
  4483 | Temple   | Became a worshipper of Hepliaklqana the Forgotten
  4555 | D:5      | Found an ornate altar of the Wu Jian Council.
  4592 | D:5      | Reached skill level 7 in Polearms
  4936 | D:5      | Found a broken altar of Ashenzari.
  4955 | D:5      | Found a radiant altar of Vehumet.
  5145 | D:5      | Found Gudaf's Armour Boutique.
  5531 | D:6      | Reached XP level 8. HP: 37/70 MP: 7/7
  5966 | D:6      | Reached skill level 8 in Polearms
  6222 | D:6      | Reached * piety under Hepliaklqana
  6335 | D:6      | Found a basalt altar of Yredelemnul.
  6505 | D:6      | Identified the +7 flail of the Last Bones {venom, Str+2}
  6802 | D:7      | Reached skill level 9 in Polearms
  6874 | D:7      | Reached XP level 9. HP: 71/71 MP: 8/8
  6877 | D:7      | Found a burning altar of Makhleb.
  7264 | D:8      | Noticed Erica
  7265 | D:8      | Noticed Psyche
  7363 | D:8      | Reached skill level 10 in Polearms
  7372 | D:8      | Killed Erica
  7474 | D:8      | Noticed Joseph
  7485 | D:8      | Killed Joseph
  7486 | D:8      | Reached skill level 11 in Polearms
  7506 | D:8      | Reached XP level 10. HP: 40/81 MP: 9/9
  7862 | D:8      | Reached ** piety under Hepliaklqana
  7863 | D:8      | Remembered your ancestor Akiya as a hexer
  7864 | D:8      | Noticed Maurice
  7874 | D:8      | Killed Maurice
  8891 | D:9      | Found a glowing golden altar of the Shining One.
  9252 | D:9      | Reached skill level 12 in Polearms
  9861 | D:9      | Found a staircase to the Orcish Mines.
  9928 | Abyss:1  | Cast into level 1 of the Abyss (Psyche)
 10040 | Abyss:1  | Noticed a thrashing horror
 10051 | Abyss:1  | Killed a thrashing horror
 10059 | Abyss:1  | Reached skill level 13 in Polearms
 10068 | Abyss:1  | Slain by a small abomination

Illustrated notes

Levels and vault maps discovered:
D:1:      spicycebolla_green_bress_n_ham_2, layout_basic,
          shapermc_ecumenical_altar_pompeii, serial_bayou_pond_b
D:2:      layout_basic, serial_shops, shop
D:3:      layout_basic, uniq_ijyb
D:4:      layout_loops_ring, uniq_eustachio
D:5:      layout_basic, mainiacjoe_overflow_24_doors, mainiacjoe_overflow_swirl,
          temple_doors_e, serial_shops, nicolae_shop_behind_doors
D:6:      hellmonk_crumbling_castle, layout_basic, kennysheep_mini_moat
D:7:      layout_cave_pools, bloody_makhleb
D:8:      layout_basic, small_statue_intersection, uniq_maurice, uniq_erica,
          uniq_psyche, uniq_joseph
D:9:      layout_layer_cave, lemuel_crystal_altar, orc_0_dummy
Temple:   compressed_dpeg_triangle_lava_temple
Abyss:1:  base:
D:9

Skill      XL: |  1  2  3  4  5  6  7  8  9 10 |
---------------+-------------------------------+-----
Polearms       | 3 4 5 6 7 9 11 13 | 13.0
Armour         | 4 5 6 7 8 9 |  9.8
Fighting       | 4 5 6 7 8 9 |  9.8
Shields        | 4 5 6 7 8 9 |  9.8

Action                   |  1- 3 |  4- 6 |  7- 9 | 10-12 || total
-------------------------+-------+-------+-------+-------++-------
Melee: Trident           |    65 |   149 |   266 |   158 ||   638
       Headbutt          |     5 |    18 |    27 |    13 ||    63
Throw: Dart              |     4 |     9 |       |     3 ||    16
Invok: Ancestor Identity |       |       |     2 |       ||     2
       Recall Ancestor   |       |       |     1 |     2 ||     3
       Ancestor Life: He |       |       |       |     1 ||     1
  Use: Potion            |       |     1 |     4 |     2 ||     7
       Scroll            |       |     8 |     6 |     2 ||    16
 Stab: Confused          |       |       |       |     5 ||     5
       Distracted        |       |       |       |     3 ||     3
Armor: Scale mail        |    12 |       |       |       ||    12
       Chain mail        |     9 |    66 |    91 |    48 ||   214
Dodge: Dodged            |    16 |    23 |    71 |    15 ||   125
Block: Buckler           |    13 |    15 |    49 |     9 ||    86

Table legend: (Time is in decaauts)
 A = Elapsed time spent in this place.
 B = Non-inter-level travel time spent in this place.
 C = Inter-level travel time spent in this place.
 D = Time resting spent in this place.
 E = Time spent auto-exploring this place.
 F = Levels seen in this place.
 G = Mean time per level.
                   A        B        C        D        E       F      G
               +--------+--------+--------+--------+--------+-----+--------+
         Total |  10038 |   9763 |    275 |   2189 |   5301 |  11 |  912.5 |
       Dungeon |   9492 |   9217 |    275 |   2160 |   4983 |   9 | 1054.7 |
        Temple |    411 |    411 |      0 |      0 |    249 |   1 |  411.0 |
         Abyss |    134 |    134 |      0 |     29 |     69 |   1 |  134.0 |
               +--------+--------+--------+--------+--------+-----+--------+

Top non-repeatable levels by time:
     D:8: 1591 daAuts
     D:3: 1107 daAuts
     D:5: 1078 daAuts
     D:2: 1077 daAuts
     D:6: 1042 daAuts
     D:9: 991 daAuts
     D:1: 958 daAuts
     D:4: 890 daAuts
     D:7: 754 daAuts
  Temple: 411 daAuts
 Abyss:1: 134 daAuts
